 Dungeon Sprint DCSS version 0.28-a0-239-g68911e0c57 (webtiles) character file.

Game seed: 14062637202111698972

1161 MikeHunt the Destroyer (level 8, 0/45 (48) HPs)
             Began as a Tengu Conjurer on Aug 23, 2021.
             Was a Priest of Ru.
             Hit by a large rock thrown by a cyclops (45 damage)
             ... in the Dungeon (Sprint VII: "The Pits").
             The game lasted 00:08:15 (1594 turns).

MikeHunt the Destroyer (Tengu Conjurer)             Turns: 1594, Time: 00:08:16

HP:   0/45 (48)     AC:  3    Str:  7    XL:     8   Next: 39%
MP:   15/22         EV: 19    Int: 21    God:    Ru [***...]
Gold: 0             SH:  0    Dex: 13    Spells: 15/25 levels left

rFire   . . .      SeeInvis .   t - +2 Maxwell's thermic engine {flame, freeze}
rCold   . . .      Faith    .   (no shield)
rNeg    . . .      Spirit   .   a - +0 robe
rPois   .          Reflect  .   (helmet restricted)
rElec   .          Harm     .   q - +0 cloak
rCorr   .          Rampage  .   (no gloves)
Will    .....      NoTele   +   (boots unavailable)
Stlth   ++........              (no amulet)
HPRegen 0.15/turn               (no ring)
MPRegen 0.18/turn               (no ring)

@: flying quickly and evasively, drained, quick
A: beak, talons 3, inability to read while threatened, hated by all, nimble
flight
a: Renounce Religion, Draw Out Power


You were in the Dungeon.
You worshipped Ru.
Ru was most pleased with you.
You visited 1 branch

Inventory:

Hand Weapons
 j - a +1 quarterstaff of speed
 t - the +2 Maxwell's thermic engine (weapon) {flame, freeze}
   (You found it in the Dungeon)

   It burns those it strikes, dealing additional fire damage.
   Big, fiery blades are also staple armaments of hydra-hunters.
   It freezes those it strikes, dealing additional cold damage.
   It can also slow down cold-blooded creatures.
   It becomes more effective when it hits something.
   This effect fades over time.
Armour
 a - a +0 robe (worn)
 q - a +0 cloak (worn)
 r - a +0 helmet
 s - a +4 scale mail
Jewellery
 k - a +3 ring of evasion
 l - a +3 ring of intelligence
Scrolls
 g - a scroll of blinking
 i - a scroll of summoning
Potions
 b - 10 potions of curing
 c - 4 potions of heal wounds
 d - a potion of haste
 e - 4 potions of magic
 f - a potion of berserk rage
 h - 2 potions of invisibility
 m - a potion of might
 n - 2 potions of brilliance
 o - a potion of resistance
 p - 3 potions of mutation


   Skills:
 - Level 4.2 Fighting
 + Level 0.0 Long Blades
 - Level 9.3 Dodging
 - Level 2.0 Stealth
 - Level 9.4 Spellcasting
 - Level 12.3 Conjurations
 - Level 5.9 Hexes


You had 15 spell levels left.
You knew the following spells:

 Your Spells              Type           Power      Damage    Failure   Level
a - Magic Dart            Conj           100%       1d8       1%          1
b - Dazzling Flash        Conj/Hex       96%        N/A       1%          3
r - Searing Ray           Conj           100%       3d7       1%          2
t - Fulminant Prism       Conj/Hex       24%        3d13      1%          4

Your spell library contained the following spells:

 Spells                   Type           Power      Damage    Failure   Level
 Iskenderun's Mystic Bla  Conj/Tloc      35%        2d8       5%          4


Dungeon Overview and Level Annotations

Branches:
Dungeon (1/1)

Altars:
Ashenzari
Cheibriados
Dithmenos
Elyvilon
Fedhas
Gozag
Hepliaklqana
Kikubaaqudgha
Makhleb
Nemelex Xobeh
Okawaru
Qazlal
Ru
Sif Muna
Trog
Uskayaw
Vehumet
Wu Jian
Xom
Yredelemnul
Zin
The Shining One
Beogh
Jiyva
Lugonu


Innate Abilities, Weirdness & Mutations

You have a beak for a mouth.
You have claws for feet.
You sometimes lose the ability to read scrolls when taking damage.
You are hated by all.
Your magical nature lets you fly swiftly and evasively.


Message History

Orders for allies: a - Attack new target. r - Retreat! s - Stop attacking. g - Guard the area. f - Follow me.
Anything else - Cancel.
You shout for attention!
Things that are here:
a +0 spear; a +0 ring mail
Things that are here:
a +0 dagger; a +0 leather armour
There is an open door here.
There is an open door to the Temple (Safe) here.
There is an open door to the Temple (Safe) here.
Things that are here:
a +0 dagger; a +0 leather armour
Things that are here:
a +0 spear; a +0 ring mail The cyclops throws a large rock.
The large rock barely misses you.
Casting: Fulminant Prism (dangerous; 1% risk of failure)
Confirm with . or Enter, or press ? or * to list all spells.
Aiming: Fulminant Prism (dangerous; 1% risk of failure)
Press: ? - help, Dir - move target You conjure a prism of explosive energy!
A fulminant prism comes into view.
The cyclops throws a large rock.
The large rock hits your fulminant prism!!!
Your fulminant prism detonates feebly.
Casting: Fulminant Prism (dangerous; 1% risk of failure)
Confirm with . or Enter, or press ? or * to list all spells.
Aiming: Fulminant Prism (dangerous; 1% risk of failure)
Press: ? - help, Dir - move target You conjure a prism of explosive energy!
A fulminant prism comes into view.
You see here a +0 falchion.
Your fulminant prism crackles loudly.
Your fulminant prism explodes!
The blast of energy engulfs the cyclops!
The cyclops is heavily wounded.
The cyclops throws a large rock.
The large rock hits you!!!
Ouch! That really hurt!
You die...

############
#_________.#
#_________.#
#_______...#########
##########'##.......
#.?(.')))'.##......#
##########)##.......
#.)@....C)÷.'.......
#'#####'#####......#
#)#.÷#..#..##.......
#.#..'.)#))#####'###
#)#..####.)##.......
#)#..#..#))##.......
#.#..#..#[[##.......
#.##†#..#'###...<...
#.#..).....##.......


You could see a cyclops.

Vanquished Creatures
  A snapping turtle (D)
  A redback (D)
  A necrophage (D)
  A phantom (D)
  A kobold brigand (D)
  A gnoll sergeant (D)
  5 killer bees (D)
  A crimson imp (D)
  2 quasits (D)
  An orc priest (D)
  A jelly (D)
  2 gnolls (D)
  2 adders (D)
  A river rat (D)
  5 orcs (D)
  A ball python (D)
  A bat zombie (D)
  A giant cockroach (D)
  A hobgoblin (D)
  A kobold (D)
  A bat (D)
  A frilled lizard (D)
33 creatures vanquished.

Vanquished Creatures (others)
  A water moccasin (D)
  17 fulminant prisms (D)
18 creatures vanquished.

Grand Total: 51 creatures vanquished

Notes
Turn   | Place    | Note
-------+----------+-------------------------------------------
     0 | D        | MikeHunt the Tengu Conjurer began the quest for the Orb.
     0 | D        | Reached XP level 1. HP: 10/10 MP: 4/4
    16 | D        | Found a bloodstained altar of Trog.
    16 | D        | Found a shimmering blue altar of Sif Muna.
    16 | D        | Found a viscous altar of Jiyva.
    16 | D        | Found a hazy altar of Hepliaklqana.
    16 | D        | Found an opulent altar of Gozag.
    17 | D        | Found a glowing golden altar of the Shining One.
    17 | D        | Found a glowing silver altar of Zin.
    17 | D        | Found a basalt altar of Yredelemnul.
    17 | D        | Found a shimmering altar of Xom.
    17 | D        | Found an ornate altar of the Wu Jian Council.
    17 | D        | Found a sacrificial altar of Ru.
    17 | D        | Found a stormy altar of Qazlal.
    17 | D        | Found an iron altar of Okawaru.
    17 | D        | Found a sparkling altar of Nemelex Xobeh.
    17 | D        | Found a burning altar of Makhleb.
    17 | D        | Found a blossoming altar of Fedhas.
    17 | D        | Found a white marble altar of Elyvilon.
    17 | D        | Found a shadowy altar of Dithmenos.
    17 | D        | Found a snail-covered altar of Cheibriados.
    18 | D        | Found a radiant altar of Vehumet.
    18 | D        | Found a corrupted altar of Lugonu.
    19 | D        | Found a hide-covered altar of Uskayaw.
    19 | D        | Found an ancient bone altar of Kikubaaqudgha.
    19 | D        | Found a broken altar of Ashenzari.
    21 | D        | Became a worshipper of Ru the Awakened
    57 | D        | Reached skill level 6 in Conjurations
    57 | D        | Reached XP level 2. HP: 8/15 MP: 0/7
   257 | D        | Reached skill level 7 in Conjurations
   259 | D        | Reached XP level 3. HP: 9/19 MP: 1/9
   467 | D        | Learned a level 2 spell: Searing Ray
   486 | D        | Reached skill level 8 in Conjurations
   503 | D        | Gained mutation: You sometimes lose the ability to read
                  | scrolls when taking damage. [Ru sacrifice]
   503 | D        | Reached * piety under Ru
   512 | D        | Reached skill level 5 in Spellcasting
   512 | D        | Reached skill level 9 in Conjurations
   512 | D        | Reached XP level 4. HP: 17/24 MP: 2/12
   519 | D        | Learned a level 4 spell: Fulminant Prism
   597 | D        | Noticed a necrophage
   597 | D        | Noticed a kobold brigand
   617 | D        | Learned a level 3 spell: Dazzling Flash
   655 | D        | Noticed a water moccasin
   659 | D        | Killed a water moccasin
   660 | D        | Reached skill level 5 in Dodging
   660 | D        | Reached skill level 10 in Conjurations
   660 | D        | Gained mutation: Your magical nature lets you fly swiftly
                  | and evasively. [Tengu growth]
   660 | D        | Reached XP level 5. HP: 28/28 MP: 8/15
   672 | D        | Killed a kobold brigand
   673 | D        | Reached skill level 11 in Conjurations
   673 | D        | Reached XP level 6. HP: 27/32 MP: 5/17
   687 | D        | Killed a necrophage
   847 | D        | Reached XP level 7. HP: 19/36 MP: 10/19
  1013 | D        | Noticed a redback
  1016 | D        | Killed a redback
  1017 | D        | Reached skill level 12 in Conjurations
  1043 | D        | Reached skill level 1 in Fighting
  1050 | D        | Reached skill level 5 in Hexes
  1050 | D        | Gained mutation: You are hated by all. [Ru sacrifice]
  1050 | D        | Reached ** piety under Ru
  1050 | D        | Reached *** piety under Ru
  1125 | D        | Reached XP level 8. HP: 31/46 MP: 14/22
  1125 | D        | Noticed a snapping turtle
  1222 | D        | Killed a snapping turtle
  1306 | D        | Found the +2 Maxwell's thermic engine {flame, freeze}
  1409 | D        | Noticed a cyclops
  1448 | D        | Noticed an anaconda
  1594 | D        | Hit by a large rock thrown by a cyclops

Illustrated notes

Levels and vault maps discovered:
D:        pitsprint [storerooms_1, entrance_room_1, metal_vault_2, armoury_2,
          mini_pit_1, grid_room_1, main_hall_1, silver_pit, the_coven_3,
          the_vestibule_1, steel_vault_3, golden_pit, hallway_of_sentries,
          crystal_vault_3, iron_vault_4, final_vault]

Skill      XL: |  1  2  3  4  5  6  7  8 |
---------------+-------------------------+-----
Spellcasting   | 3 4 5 6 7 8 9 |  9.4
Conjurations   | 6 7 9 10 11 12 | 12.3
Dodging        | 5 7 8 9 |  9.3
Hexes          | 2 3 4 5 |  5.9
Fighting       | 3 4 |  4.2
Stealth        | |  2.0

Action                   |  1- 3 |  4- 6 |  7- 9 || total
-------------------------+-------+-------+-------++-------
Melee: Unarmed           |    11 |       |       ||    11
       Kick              |     1 |     1 |     1 ||     3
       Quarterstaff      |       |     2 |     4 ||     6
       Peck              |       |       |     1 ||     1
       Double sword      |       |       |     3 ||     3
 Cast: Magic Dart        |    15 |     4 |       ||    19
       Searing Ray       |     3 |     6 |     4 ||    13
       Fulminant Prism   |       |     1 |    16 ||    17
Invok: Sacrifice Words   |     1 |       |       ||     1
       Sacrifice Love    |       |       |     1 ||     1
       Draw Out Power    |       |       |     1 ||     1
  Use: Potion            |     2 |       |     2 ||     4
Armor: Robe              |     7 |       |     1 ||     8
Dodge: Dodged            |    15 |    10 |    15 ||    40

Table legend: (Time is in decaauts)
 A = Elapsed time spent in this place.
 B = Non-inter-level travel time spent in this place.
 C = Inter-level travel time spent in this place.
 D = Time resting spent in this place.
 E = Time spent auto-exploring this place.
 F = Levels seen in this place.
 G = Mean time per level.
                   A        B        C        D        E       F      G
               +--------+--------+--------+--------+--------+-----+--------+
         Total |   1576 |   1576 |      0 |    926 |      0 |   1 | 1576.0 |
       Dungeon |   1576 |   1576 |      0 |    926 |      0 |   1 | 1576.0 |
               +--------+--------+--------+--------+--------+-----+--------+

Top non-repeatable levels by time:
       D: 1576 daAuts
